 Dungeon Crawl Stone Soup version 0.28.0-1-gb440e238dd (webtiles) character file.

Game seed: 8738757022498520258

96656 Edwards80 the Phalangite (level 15, -1/133 (141) HPs)
             Began as a Minotaur Berserker on Feb 20, 2022.
             Was the Champion of Trog.
             Slain by a boulder beetle (9 damage)
             ... on level 2 of the Spider Nest.
             The game lasted 01:12:20 (29053 turns).

Edwards80 the Phalangite (Minotaur Berserker)      Turns: 29053, Time: 01:12:21

HP:   -1/133 (141)  AC: 36    Str: 41    XL:     15   Next: 69%
MP:   14/14         EV: 11    Int:  7    God:    Trog [******]
Gold: 2875          SH:  0    Dex: 10    Spells: 14/14 levels left

rFire   . . .      SeeInvis .   a - +5 bardiche (vorpal)
rCold   . . .      Faith    .   (shield currently unavailable)
rNeg    . . .      Spirit   .   B - +8 orange crystal plate armour {Archmagi, Int+3 Clar}
rPois   .          Reflect  .   j - +2 hat
rElec   .          Harm     .   s - +1 cloak
rCorr   .          Rampage  .   (no gloves)
Will    +....      Archmagi +   (no boots)
Stlth   .......... Clarity  +   E - amulet of the acrobat
HPRegen 0.32/turn               l - +6 ring of strength
MPRegen 0.14/turn               D - +6 ring of strength

@: mighty, lethally poisoned (-1 -> -15), about to teleport, slowed, drained,
very slow
A: horns 2, retaliatory headbutt
a: Renounce Religion, Berserk, Trog's Hand, Brothers in Arms


You were on level 2 of the Spider Nest.
You worshipped Trog.
Trog was exalted by your worship.
You visited 5 branches of the dungeon, and saw 26 of its levels.

You collected 2875 gold pieces.

Inventory:

Hand Weapons
 a - a +5 vorpal bardiche (weapon)
 b - a +1 antimagic glaive
 f - a +2 trident of venom
 w - a +5 halberd
 A - a +2 vampiric spear
 T - a +5 antimagic trident
 W - a +2 glaive of flaming
Missiles
 c - 29 poisoned darts (quivered)
 e - 4 atropa-tipped darts
 n - 3 silver javelins
 t - 14 curare-tipped darts
Armour
 j - a +2 hat (worn)
 s - a +1 cloak (worn)
 B - the +8 orange crystal plate armour (worn) {Archmagi, Int+3 Clar}
   (You found it on level 8 of the Dungeon)

   Int:       It affects your intelligence (+3).
   Clar:      It protects you against confusion.
 J - a +2 hat
Jewellery
 l - a +6 ring of strength (left hand)
 o - a ring of ice
 z - a ring of poison resistance
 D - a +6 ring of strength (right hand)
 E - an amulet of the acrobat (around neck)
 G - an amulet of magic regeneration
 O - an amulet of reflection
 S - a ring of protection from fire
Wands
 p - a wand of flame (50)
 u - a wand of iceblast (32)
 C - a wand of polymorph (4)
 F - a wand of paralysis (8)
 I - a wand of mindburst (5)
 N - a wand of digging (7)
Scrolls
 q - a scroll of silence
 y - a scroll of teleportation
 H - a scroll of fog
 L - a scroll of holy word
 M - a scroll of immolation
 P - a scroll of torment
 U - 2 scrolls of identify
Potions
 d - 4 potions of berserk rage
 g - 4 potions of flight
 h - 3 potions of mutation
 i - 6 potions of curing
 k - 2 potions of attraction
 m - 3 potions of lignification
 r - 3 potions of might
 v - 5 potions of magic
 x - a potion of cancellation
 K - 2 potions of resistance
 Q - 2 potions of invisibility
 R - a potion of haste
 V - a potion of ambrosia {unknown}


   Skills:
 + Level 15.2 Fighting
 - Level 24.0 Polearms
 + Level 14.9 Armour
 + Level 10.3 Dodging


You had 14 spell levels left.
You didn't know any spells.
Your spell library was empty.

Dungeon Overview and Level Annotations

Branches:
Dungeon (15/15)            Temple (0/1) D:5            Lair (6/6) D:8
 Shoals (0/4) Lair:4       Spider (2/4) Lair:2        Slime (0/5) Lair:6
    Orc (2/2) D:10            Elf (1/3) Orc:2        Vaults (0/5) D:14
 Depths (0/4) D:15

Altars:
Elyvilon
Fedhas
Gozag
Makhleb
Nemelex Xobeh
Ru
Trog
Uskayaw
Vehumet
Wu Jian
Xom
Yredelemnul
Zin

Shops:
D:2 [   Orc:2 :[[(=

Annotations:
D:4 3 runed translucent doors, Tdog's ghost, amateur MiFi


Innate Abilities, Weirdness & Mutations

You have a pair of horns on your head.
You reflexively headbutt those who attack you in melee.


Message History

Items here: $ ) ? [ †.
The boulder beetle leaps!
The jorogumo stares at you and mumbles some strange words.
The stream of webbing hits you but does no damage.
You are caught in a web!
The boulder beetle curls into a ball and begins rolling!
There is a web here.
You are caught in a web!
You are caught in a web!
You are caught in a web!
You cannot attack while caught in a web.
The tarantella hisses angrily.
The jorogumo stares at you and mumbles some strange words.
The bolt of negative energy hits you!!
You feel drained. The jorogumo casts a spell at you.
The bolt of negative energy hits you!
You feel drained. The boulder beetle hits you!!
* * * LOW HITPOINT WARNING * * *
The boulder beetle stops rolling and uncurls.
The jorogumo casts a spell at you. The bolt of negative energy misses you.
You feel very mighty all of a sudden.
The boulder beetle bites you but does no damage.
The jorogumo stares at you and mumbles some strange words.
The stream of webbing hits you but does no damage.
You are even more entangled.
As you read the scroll of teleportation, it crumbles to dust.
You feel strangely unstable. The boulder beetle bites you!
* * * LOW HITPOINT WARNING * * *
The web tears apart.
The jorogumo hits you!
* * * LOW HITPOINT WARNING * * *
You are lethally poisoned!
You feel yourself slow down.
The boulder beetle bites you but does no damage.
You slash the jorogumo!
The jorogumo is moderately wounded.
* * * LOW HITPOINT WARNING * * *
You feel very sick. The jorogumo closely misses you.
The boulder beetle bites you!
You die...

##.§.#○#.# #..#≈#≈#≈≈
.(....#○.###..#≈≈≈≈≈# #≈≈
##§○.#^##...≈##.##≈≈≈
#.†§w.H#...##.>)..≈##
#....#w##)○§#.^#.#.#.#.#
#$..#.##..#.##....#..#.^#
s.. .#..###.s.#).#.#....#
..
#.#.#.....sB.....^#..## .
.....#..###H@#...#....#
#... ##. #.#..^...#.### .
≈##≈#.###..#..#
.≈≈≈.#....^....#
^###...#^#.###.# #.
...#.^..†.## ####
##.#.#.#^.# ##.≈####
#..#)#....# #..##.##
#....>#..##.......


You could see a jorogumo, a boulder beetle, a torpor snail and 2 tarantellas.

Vanquished Creatures
  Gastronok (Lair:3)
  Kirke (D:11)
  2 emperor scorpions
  An entropy weaver (Spider:1)
  A fire dragon (D:15)
  An ice dragon (D:15)
  6 boulder beetles
  4 vault guards
  8 hydras
  3 catoblepae (Lair:6)
  2 centaur warriors
  A radroach (Spider:2)
  A death knight (D:14)
  8 death yaks
  3 two-headed ogres
  2 death scarabs (Spider:2)
  A tengu warrior (D:15)
  3 orc high priests (Orc:2)
  Sonja (D:12)
  A skeletal warrior (D:14)
  A pharaoh ant (Spider:2)
  3 steelbarb worms
  2 orb spiders (Spider:1)
  7 orc knights
  2 deep elf pyromancers
  Pikel (D:6)
  3 orc sorcerers (Orc:2)
  3 cyclopes
  6 wolf spiders
  6 manticores
  11 ugly things
  11 elephants
  A merfolk siren (Lair:4)
  A centaur zombie (D:11)
  7 black mambas
  4 torpor snails
  3 gargoyles
  A demonic crawler (Spider:1)
  4 cane toads
  12 komodo dragons
  A tengu conjurer (D:15)
  3 efreet
  A merfolk (Lair:4)
  A polar bear (Lair:2)
  8 meliai
  A tyrant leech (Spider:2)
  7 tarantellas
  7 trolls
  A blink frog (shapeshifter) (D:13)
  10 slime creatures
  4 dream sheep (Lair:5)
  9 blink frogs
  11 jumping spiders
  5 culicivoras
  2 wraiths
  Eustachio (D:4)
  7 wyverns
  50 yaks
  A shadow (D:11)
  5 basilisks
  17 redbacks
  A steam dragon (D:6)
  2 vampire mosquitoes (D:12)
  3 wargs
  3 acid dragons
  12 water moccasins
  18 orc warriors
  A sky beast (D:8)
  A black bear (D:6)
  10 centaurs
  4 ogres
  4 wolves (Lair:1)
  3 phantoms
  2 lemures (D:6)
  A kobold brigand (D:7)
  11 bullfrogs
  A gnoll sergeant (D:8)
  2 scorpions
  2 water moccasin zombies (D:6)
  A water moccasin skeleton (D:5)
  14 killer bees
  A howler monkey (D:12)
  5 wights (D:10)
  3 electric eels
  6 jellies
  6 hounds
  12 orc priests
  A centaur skeleton (D:6)
  4 iguanas
  13 orc wizards
  A hound skeleton (D:4)
  A howler monkey zombie (D:6)
  5 gnolls (D:8)
  9 adders
  A shadow imp (D:4)
  An adder skeleton (D:5)
  2 worms
  46 orcs
  7 endoplasms
  5 giant cockroaches
  8 goblins
  9 hobgoblins
  2 jackals (D:2)
  9 kobolds
  2 quokkas (D:4)
  6 ball pythons
  7 bats
  4 frilled lizards
  23 rats
587 creatures vanquished.

Vanquished Creatures (others)
  2 humans (D:12)
  34 fungi
  38 plants
74 creatures vanquished.

Grand Total: 661 creatures vanquished

Notes
Turn   | Place    | Note
-------+----------+-------------------------------------------
     0 | D:1      | Edwards80 the Minotaur Berserker began the quest for the
                  | Orb.
     0 | D:1      | Reached XP level 1. HP: 19/19 MP: 0/0
   444 | D:1      | Reached skill level 4 in Polearms
   444 | D:1      | Reached XP level 2. HP: 27/27 MP: 1/1
   848 | D:1      | Reached XP level 3. HP: 31/33 MP: 2/2
  1168 | D:2      | Reached ** piety under Trog
  1169 | D:2      | Reached skill level 5 in Polearms
  1262 | D:2      | Reached XP level 4. HP: 26/40 MP: 3/3
  1532 | D:2      | Found Nulopout's Armour Shoppe.
  1611 | D:2      | Reached skill level 6 in Polearms
  2176 | D:3      | Noticed a scorpion
  2180 | D:3      | Killed a scorpion
  2181 | D:3      | Reached skill level 7 in Polearms
  2181 | D:3      | Reached XP level 5. HP: 46/46 MP: 4/4
  2826 | D:3      | Found a hide-covered altar of Uskayaw.
  2841 | D:3      | Found an opulent altar of Gozag.
  2842 | D:3      | Found a sparkling altar of Nemelex Xobeh.
  2842 | D:3      | Found a shimmering altar of Xom.
  2842 | D:3      | Found a sacrificial altar of Ru.
  2845 | D:3      | Found an ornate altar of the Wu Jian Council.
  2847 | D:3      | Found a basalt altar of Yredelemnul.
  3273 | D:4      | Noticed Eustachio
  3293 | D:4      | Noticed a phantom
  3297 | D:4      | Killed Eustachio
  3298 | D:4      | Reached skill level 8 in Polearms
  3298 | D:4      | Reached XP level 6. HP: 52/52 MP: 5/5
  3313 | D:4      | Reached skill level 9 in Polearms
  3574 | D:4      | Found a burning altar of Makhleb.
  3662 | D:4      | Found a glowing silver altar of Zin.
  3663 | D:4      | Found a bloodstained altar of Trog.
  3663 | D:4      | Found a white marble altar of Elyvilon.
  3715 | D:4      | Reached XP level 7. HP: 55/58 MP: 6/6
  3814 | D:4      | Reached *** piety under Trog
  4062 | D:4      | Noticed Tdog's ghost (amateur MiFi)
  4063 | D:4      | Found a runed translucent gate.
  4063 | D:4      | Found a runed translucent gate.
  4063 | D:4      | Found a runed translucent gate.
  4292 | D:5      | Entered Level 5 of the Dungeon
  4307 | D:4      | Reached skill level 10 in Polearms
  4636 | D:5      | Reached skill level 11 in Polearms
  4902 | D:5      | Found a staircase to the Ecumenical Temple.
  5076 | D:5      | Reached XP level 8. HP: 55/66 MP: 7/7
  5624 | D:6      | Reached skill level 12 in Polearms
  5728 | D:6      | Noticed Pikel
  5750 | D:6      | Killed Pikel
  5751 | D:6      | Reached skill level 13 in Polearms
  6059 | D:6      | Reached skill level 14 in Polearms
  6181 | D:6      | Reached XP level 9. HP: 68/71 MP: 8/8
  7227 | D:7      | Reached **** piety under Trog
  7310 | D:7      | Reached skill level 5 in Fighting
  7775 | D:7      | Found a blossoming altar of Fedhas.
  8254 | D:7      | Reached skill level 5 in Armour
  8496 | D:8      | Reached skill level 5 in Dodging
  8647 | D:8      | Found a radiant altar of Vehumet.
  8697 | D:8      | Found a staircase to the Lair.
  8724 | D:8      | Reached XP level 10. HP: 86/86 MP: 9/9
  8826 | D:8      | Found the +8 orange crystal plate armour {Archmagi, Int+3
                  | Clar}
  9913 | D:10     | Entered Level 10 of the Dungeon
 10070 | D:10     | Noticed a two-headed ogre
 10076 | D:10     | Killed a two-headed ogre
 10241 | D:10     | Noticed a manticore
 10249 | D:10     | Killed a manticore
 10250 | D:10     | Reached XP level 11. HP: 85/97 MP: 10/10
 10516 | D:10     | Found a staircase to the Orcish Mines.
 11289 | Lair:1   | Entered Level 1 of the Lair of Beasts
 11510 | Lair:1   | Reached skill level 10 in Fighting
 12082 | Lair:2   | Reached ***** piety under Trog
 12147 | Lair:2   | Reached skill level 10 in Armour
 12939 | Lair:2   | Found a hole to the Spider Nest.
 13304 | Lair:3   | Noticed Gastronok
 13315 | Lair:3   | Killed Gastronok
 13403 | Lair:3   | Reached skill level 15 in Polearms
 14063 | Lair:4   | Noticed a four-headed hydra
 14073 | Lair:4   | Killed a ten-headed hydra
 14074 | Lair:4   | Reached XP level 12. HP: 101/110 MP: 11/11
 14531 | Lair:4   | Reached skill level 16 in Polearms
 14542 | Lair:4   | Found a staircase to the Shoals.
 14652 | Lair:5   | Noticed a five-headed hydra
 14653 | Lair:5   | Identified the +2 chain mail of the Known World {+Blink
                  | rElec Dex-4}
 14662 | Lair:5   | Killed a 12-headed hydra
 15712 | Lair:5   | Noticed a six-headed hydra
 15721 | Lair:5   | Killed a 12-headed hydra
 16016 | Lair:5   | Found a runed translucent door.
 16025 | Lair:5   | Noticed a seven-headed hydra
 16076 | Lair:5   | Killed a 15-headed hydra
 16371 | Lair:5   | Noticed a death yak
 16371 | Lair:5   | Noticed a death yak
 16372 | Lair:5   | Noticed a death yak
 16373 | Lair:5   | Noticed a death yak
 16421 | Lair:5   | Killed a death yak
 16426 | Lair:5   | Killed a death yak
 16433 | Lair:5   | Killed a death yak
 16438 | Lair:5   | Killed a death yak
 16439 | Lair:5   | Reached XP level 13. HP: 123/123 MP: 12/12
 16924 | Lair:6   | Entered Level 6 of the Lair of Beasts
 17871 | Lair:6   | Received a gift from Trog
 18611 | Lair:6   | Reached skill level 17 in Polearms
 19221 | Lair:6   | Identified the +3 dagger "Hutig" {spect, Str+3}
 19239 | Lair:6   | Found a staircase to the Slime Pits.
 19695 | Orc:1    | Entered Level 1 of the Orcish Mines
 20033 | Orc:2    | Entered Level 2 of the Orcish Mines
 20051 | Orc:1    | Reached skill level 18 in Polearms
 20554 | Orc:2    | Found Otadeang's Jewellery Shop.
 20611 | Orc:2    | Found a staircase to the Elven Halls.
 20661 | Orc:2    | Received a gift from Trog
 20675 | Orc:2    | Reached XP level 14. HP: 131/133 MP: 13/13
 20690 | Orc:2    | Paralysed by an orc sorcerer for 3 turns
 21481 | Orc:2    | Reached skill level 19 in Polearms
 21841 | Orc:2    | Found Quikk's Armour Shoppe.
 21841 | Orc:2    | Found Keewaqaoso's Weapon Boutique.
 21843 | Orc:2    | Found Fiow's Book Shoppe.
 21843 | Orc:2    | Found Gagugyrch's Armour Boutique.
 22008 | Elf:1    | Entered Level 1 of the Elven Halls
 22738 | D:12     | Noticed Kirke
 22748 | D:11     | Noticed a sphinx
 22807 | D:11     | Noticed a sphinx
 23072 | D:11     | Killed Kirke
 23242 | D:12     | Reached skill level 20 in Polearms
 23704 | D:12     | Received a gift from Trog
 23839 | D:12     | Noticed Sonja
 23843 | D:12     | Killed Sonja
 24311 | D:13     | Reached skill level 21 in Polearms
 25352 | D:14     | Reached skill level 22 in Polearms
 25432 | D:14     | Found a gate to the Vaults.
 25485 | D:14     | Reached XP level 15. HP: 119/139 MP: 14/14
 25640 | D:14     | Found a blossoming altar of Fedhas.
 26136 | D:15     | Entered Level 15 of the Dungeon
 26173 | D:14     | Reached ****** piety under Trog
 26735 | D:15     | Received a gift from Trog
 27128 | D:15     | Found a staircase to the Depths.
 27384 | Spider:1 | Entered Level 1 of the Spider Nest
 27576 | Spider:1 | Reached skill level 23 in Polearms
 27830 | Spider:1 | Noticed an emperor scorpion
 27837 | Spider:1 | Killed an emperor scorpion
 27953 | Spider:2 | HP: 3/139 [poisoned by a redback]
 28377 | Spider:2 | Noticed an emperor scorpion
 28382 | Spider:2 | Killed an emperor scorpion
 28406 | Spider:2 | Reached skill level 24 in Polearms
 28432 | Spider:1 | Reached skill level 15 in Fighting
 28436 | Spider:1 | Reached skill level 10 in Dodging
 28763 | Spider:1 | Received a gift from Trog
 29053 | Spider:2 | Slain by a boulder beetle

Illustrated notes

Levels and vault maps discovered:
D:1:      dpeg_arrival_water_fire, layout_basic, serial_bayou_pond_b
D:2:      layout_loops_ring, serial_forest, infiniplex_forest_end_3,
          infiniplex_forest_straight_2, infiniplex_forest_straight_4,
          infiniplex_forest_lined_corner, infiniplex_forest_clump_C,
          infiniplex_forest_clump_cross, infiniplex_forest_lined_1,
          serial_shops, shop
D:3:      layout_basic, minitemple, wad_floor_pattern_untrapped
D:4:      layout_loops_ring, mainiacjoe_overflow_alcove_2,
          chequers_temple_overflow_statue_of_worship, gammafunk_ghost_split,
          minmay_rat_hole, uniq_eustachio
D:5:      layout_cave_pods, minmay_temple_entry_tees
D:6:      layout_basic, uniq_crazy_yiuf_cottage, uniq_pikel
D:7:      layout_gridville, mainiacjoe_overflow_alcove_4
D:8:      layout_gridville, nicolae_vehumet_radiance, dpeg_oklobed_lair
D:9:      layout_roguey
D:10:     layout_basic, orc_0_dummy, minmay_fractal_squares_gapless_5
D:11:     layout_loops_ring
D:12:     layout_irregular_city, uniq_sonja, uniq_kirke
D:13:     layout_irregular_city, kennysheep_nondescript,
          kennysheep_generic_room_13
D:14:     layout_basic, lightli_vaults_fourway_checkpoint,
          gauntlet_entry_generic, interstate_on_off, fedhas_altar_1
D:15:     grunt_enter_depths_hoard, layout_rooms
Lair:1:   layout_long_grid
Lair:2:   layout_chaotic_city, dummy_spider_entry, nicolae_quartered_pool_super
Lair:3:   layout_regular_city, uniq_gastronok
Lair:4:   layout_regular_city, elwin_shoals_entry_rooms
Lair:5:   layout_loops_ring, pf_torpor_hydra
Lair:6:   evilmike_catoblepas_cave, layout_regular_city,
          nicolae_slime_entry_slimehenge
Spider:1: layout_spider_delve
Spider:2: layout_spider_delve, hangedman_stitches_earthworm
Orc:1:    layout_diamond_mine, nicolae_orc_damp_corner
Orc:2:    grunt_orc_tribal_feast, layout_caves, serial_shops,
          nicolae_shop_crystal, abandoned_shop
Elf:1:    elf_arrival_001, layout_gridlike, serial_sigils,
          serial_sigils_hangedman_scratch, serial_sigils_hangedman_stare,
          serial_sigils_hangedman_gnaw, serial_sigils_hangedman_clutch,
          evilmike_minifort, uniq_louise

Skill      XL: |  1  2  3  4  5  6  7  8  9 10 11 12 13 14 15 |
---------------+----------------------------------------------+-----
Polearms       | 4 5 7 8 9 11 14 15 16 18 22 24 | 24.0
Fighting       | 4 7 9 11 13 14 15 | 15.2
Armour         | 3 6 9 10 13 14 | 14.9
Dodging        | 5 8 9 10 | 10.3

Action                   |  1- 3 |  4- 6 |  7- 9 | 10-12 | 13-15 || total
-------------------------+-------+-------+-------+-------+-------++-------
Melee: Spear             |    80 |   167 |   118 |       |       ||   365
       Headbutt          |     8 |    20 |    45 |    91 |   120 ||   284
       Punch             |       |     1 |     1 |       |       ||     2
       Trident           |       |       |   205 |   159 |       ||   364
       Halberd           |       |       |       |   310 |   113 ||   423
       Bardiche          |       |       |       |       |   648 ||   648
       Unarmed           |       |       |       |       |    10 ||    10
Throw: Dart              |       |       |     3 |       |     2 ||     5
Invok: Berserk           |       |     2 |       |     3 |     4 ||     9
  Use: Scroll            |       |     3 |     9 |     7 |    18 ||    37
       Potion            |       |       |       |     1 |     5 ||     6
 Stab: Distracted        |     1 |       |       |       |       ||     1
Armor: Animal skin       |     5 |     1 |       |       |       ||     6
       Chain mail        |       |    38 |    23 |       |       ||    61
       Plate armour      |       |       |   102 |     1 |       ||   103
       Crystal plate arm |       |       |       |   338 |   606 ||   944
Dodge: Dodged            |    22 |    50 |    90 |   182 |   432 ||   776
